 Dungeon Crawl Stone Soup version 0.29-a0-613-gf2c431b9b9 (webtiles) character file.

Game seed: 1932161691798075127

31 zeratav the Stinger (level 3, -1/21 HPs)
             Began as an Octopode Venom Mage on June 17, 2022.
             Slain by a gnoll
             ... wielding a +0 whip
              (6 damage)
             ... on level 2 of the Dungeon.
             The game lasted 00:01:37 (983 turns).

zeratav the Stinger (Octopode Venom Mage)            Turns: 983, Time: 00:01:38

Health: -1/21      AC:  5    Str:  7    XL:     3   Next: 22%
Magic:  6/6        EV: 13    Int: 19    God:
Gold:   117        SH:  0    Dex: 12    Spells: 5/6 levels left

rFire   . . .      SeeInvis .   b - +2 spear (venom) {polearm}
rCold   . . .      Faith    .   (no shield)
rNeg    . . .      Spirit   .   (helmet restricted)
rPois   .          Reflect  .   (no amulet)
rElec   .          Harm     .   c - +4 ring of protection
rCorr   .          Rampage  .   (no ring)
Will    .....                   (no ring)
Stlth   +++.......              (no ring)
HPRegen 0.07/turn               (no ring)
MPRegen 0.10/turn               (no ring)
                                (no ring)
                                (no ring)

@: no status effects
A: almost no armour, amphibious, 8 rings, camouflage 1, gelatinous body 1,
(nimble swimmer 1), tentacles
a: no special abilities


You were on level 2 of the Dungeon.
You visited 1 branch of the dungeon, and saw 2 of its levels.

You collected 117 gold pieces.


Innate Abilities, Weirdness & Mutations

You cannot wear most types of armour.
You are amphibious.
You can wear up to eight rings at the same time.
Your skin changes colour to match your surroundings (Stealth+).
Your rubbery body absorbs attacks. (AC +1, EV +1)
((You are camouflaged when in or above water. (Stealth+)))
You have tentacles for arms and can constrict up to eight enemies at once.


   Skills:
 - Level 2.0 Dodging
 + Level 3.4 Stealth
 + Level 2.3 Spellcasting
 - Level 1.0 Transmutations
 * Level 4.5 Poison Magic


You had 5 spell levels left.
You knew the following spells:

 Your Spells              Type           Power      Damage    Failure   Level
a - Sting                 Tmut/Pois      48%        1d5       5%          1

Your spell library contained the following spells:

 Spells                   Type           Power      Damage    Failure   Level
 Poisonous Vapours        Pois/Air       20%        N/A       10%         2
 Mephitic Cloud           Conj/Pois/Air  7%         N/A       26%         3
 Olgreb's Toxic Radiance  Pois           19%        N/A       26%         4

Inventory:

Hand Weapons
 b - a +2 spear of venom (weapon) {polearm}
   (You found it on level 1 of the Dungeon)
Jewellery
 c - a +4 ring of protection (left tentacle)
   (You found it on level 1 of the Dungeon)
Scrolls
 d - a scroll of immolation {unknown}
 f - 2 scrolls of torment {unknown}
 h - 2 scrolls of identify {unknown}
 i - a scroll of amnesia {unknown}
 k - a scroll of enchant weapon {unknown}
Potions
 a - a potion of magic
 e - a potion of heal wounds {unknown}
 g - a potion of curing {unknown}
 j - 2 potions of mutation {unknown}

Dungeon Overview and Level Annotations

Branches:
Dungeon (2/15) Zot: 11014

Altars:

. ##.....# ##
.###...... .#. .
......?.. .. ..
#.....##..#
...##..g#..#..#
.......#g.#..# #
#...g.....#
##.###..g......#
...>.#.@##†.#####
#.#............#
#....<.##.####.#
#########.# #.#
#.# .. #.#.##.#
#......# ###.####
...


You could see 4 gnolls.


Message History

You reach to attack!
You hit the endoplasm.
The endoplasm is poisoned.
You kill the endoplasm!
No target in view!
No target in view!
No target in view!
You now have 117 gold pieces (gained 7).
You open the door.
A frilled lizard comes into view.
A frilled lizard is nearby!
There is an open door here.
You reach to attack!
The helpless frilled lizard fails to defend itself.
You puncture the frilled lizard!
You kill the frilled lizard!
No target in view!
No target in view!
No target in view!
No target in view!
No target in view!
No target in view!
No target in view!
No target in view!
No target in view!
No target in view!
No target in view!
No target in view!
No target in view!
No target in view!
No target in view!
No target in view!
You open the door.
There is an open door here.
j - 2 bubbling blue potions
h - 2 scrolls labelled OMPUFI ORPHI (gained 1) Done exploring.
Done exploring.
Done exploring.
Done exploring.
Done exploring.
(D) Dungeon
Where to? (? - help)
You open the door.
There is an open door here.
There is a stone staircase leading down here.
You climb downwards.
Found a scroll labelled FICSIR EHALAY.
Found a stone staircase leading down.
There is a stone staircase leading up here.
A hobgoblin comes into view.
A hobgoblin is nearby!
You reach to attack!
The helpless hobgoblin fails to defend itself.
You hit the hobgoblin. You hit the hobgoblin.
You kill the hobgoblin!
f - 2 scrolls labelled FICSIR EHALAY (gained 1)
k - a scroll labelled ZOSCHO OCHUOSTRY A quokka comes into view.
A quokka is nearby!
A quokka is nearby!
A gnoll comes into view. It is wielding a +0 halberd.
The gnoll shouts!
You hear a shout!
A gnoll comes into view. It is wielding a +0 whip.
A gnoll comes into view. It is wielding a +0 spear.
The gnoll shouts!
You reach to attack!
You hit the quokka.
You kill the quokka!
A gnoll comes into view. It is wielding a +0 spear.
The gnoll barely misses you.
You reach to attack!
You barely miss the gnoll. The gnoll misses you.
The gnoll shouts!
You hit the gnoll.
The gnoll is poisoned.
Your grab misses the gnoll. Your squeeze misses the gnoll.
The gnoll hits you from afar with a +0 spear.
The gnoll hits you from afar with a +0 halberd!
* * * LOW HITPOINT WARNING * * *
You are too injured to fight recklessly!
You are too injured to fight recklessly!
HP[-14]
You take 14 damage, and now have 7/21 hp.
MASSIVE DAMAGE!! (PAUSE)
You are too injured to fight recklessly!
You are too injured to fight recklessly!
You are too injured to fight recklessly!
You are too injured to fight recklessly!
You are too injured to fight recklessly!
You are too injured to fight recklessly!
You are too injured to fight recklessly!
You are too injured to fight recklessly!
You are too injured to fight recklessly!
You are too injured to fight recklessly!
You are too injured to fight recklessly!
You are too injured to fight recklessly!
The gnoll hits you but does no damage. The gnoll attacks as you move away!
The gnoll closely misses you. The gnoll attacks as you move away!
The gnoll hits you with a +0 whip.
* * * LOW HITPOINT WARNING * * *
HP[-2]
You take 2 damage, and now have 5/21 hp.
The gnoll attacks as you move away! The gnoll hits you with a +0 whip.
You die...

Skill      XL: |  1 |
---------------+----+-----
Stealth        | 3 |  3.4
Poison Magic   | 4 |  4.5
Dodging        | |  2.0
Spellcasting   | |  2.3
Transmutations | |  1.0

Action                   || total
-------------------------++-------
Melee: Spear             ||    37
       Tentacles         ||     4
       Constrict         ||     4
 Cast: Sting             ||     4
 Stab: Sleeping          ||     9
Armor: Skin              ||     3
Dodge: Dodged            ||    11

Levels and vault maps discovered:
D:1:      minmay_arrival_up_and_down, layout_loops_ring,
          hellmonk_ecumenical_altar_pennies_from_heaven,
          dreamdust_princess_corridor, chequers_serial_rivers_room_a,
          minmay_tetromino_o2
D:2:      layout_loops_cross

Notes
Turn   | Place    | Note
-------+----------+-------------------------------------------
     0 | D:1      | zeratav the Octopode Venom Mage began the quest for the
                  | Orb.
     0 | D:1      | Reached XP level 1. HP: 11/11 MP: 3/3
     0 | D:1      | magus.rc [v1.9.6]
   363 | D:1      | Found a faded altar of an unknown god.
   386 | D:1      | Reached skill level 3 in Stealth
   386 | D:1      | Reached skill level 4 in Poison Magic
   386 | D:1      | Reached XP level 2. HP: 17/17 MP: 5/5
   520 | D:1      | Reached XP level 3. HP: 21/21 MP: 6/6
   981 | D:2      | HP: 5/21 [gnoll/+0 whip (2)]
   983 | D:2      | Slain by a gnoll

Vanquished Creatures
  A gnoll (D:1)
  4 ball pythons (D:1)
  3 endoplasms (D:1)
  A giant cockroach (D:1)
  A goblin (D:1)
  2 hobgoblins
  3 kobolds (D:1)
  2 quokkas
  A frilled lizard (D:1)
  2 rats (D:1)
20 creatures vanquished.

Table legend:
 A = Non-vault XP
 B = Vault XP
 C = Vault XP percentage of total XP
 D = Non-vault monster count
 E = Vault monster count
 F = Vault count percentage of total count
                 A         B        C        D         E       F
            +---------+---------+-------+---------+---------+-------
      Total |      43 |       2 |   4.4 |      18 |       2 |  10.0
            +---------+---------+-------+---------+---------+-------
        D:1 |      39 |       2 |   4.9 |      16 |       2 |  11.1
        D:2 |       4 |       0 |   0.0 |       2 |       0 |   0.0
            +---------+---------+-------+---------+---------+-------

Illustrated notes

Table legend:
 A = Kills in this place as a percentage of kills in entire the game.
 B = Kills by you in this place as a percentage of kills by you in the entire game.
 C = Kills by friends in this place as a percentage of kills by friends in the entire game.
 D = Other kills in this place as a percentage of other kills in the entire game.
 E = Experience gained in this place as a percentage of experience gained in the entire game.
 F = Experience gained in this place divided by the number of levels of this place that you have seen.
                   A       B       C       D       E      F
               +-------+-------+-------+-------+-------+----------------------
         Total | 100.0 | 100.0 |   N/A |   N/A | 100.0 |  22.5
       Dungeon | 100.0 | 100.0 |   N/A |   N/A | 100.0 |  22.5
               +-------+-------+-------+-------+-------+----------------------

Table legend: (Time is in decaauts)
 A = Elapsed time spent in this place.
 B = Non-inter-level travel time spent in this place.
 C = Inter-level travel time spent in this place.
 D = Time resting spent in this place.
 E = Time spent auto-exploring this place.
 F = Levels seen in this place.
 G = Mean time per level.
                   A        B        C        D        E       F      G
               +--------+--------+--------+--------+--------+-----+--------+
         Total |    985 |    980 |      5 |      0 |    854 |   2 |  492.5 |
       Dungeon |    985 |    980 |      5 |      0 |    854 |   2 |  492.5 |
               +--------+--------+--------+--------+--------+-----+--------+

Top non-repeatable levels by time:
     D:1: 949 daAuts
     D:2: 36 daAuts
